 Dungeon Crawl Stone Soup version 0.18.1-48-g4cf74bf (webtiles) character file.

135 Gargoyl the Skirmisher (level 4, -1/37 HPs)
             Began as a Demonspawn Abyssal Knight on Aug 27, 2016.
             Was a Believer of Lugonu.
             Slain by a gnoll
             ... wielding a +0 spear
              (4 damage)
             ... on level 3 of the Dungeon.
             The game lasted 00:03:45 (2709 turns).

Gargoyl the Skirmisher (Demonspawn Abyssal Knight)  Turns: 2709, Time: 00:03:46

Health: -1/37      AC:  6    Str: 13    XL:     4   Next: 97%
Magic:  5/5        EV:  9    Int: 14    God:    Lugonu [**....]
Gold:   186        SH:  0    Dex: 12    Spells: 0 memorised, 3 levels left

rFire  . . .     SeeInvis .     a - +1 hand axe
rCold  . . .     Gourm    .     f - +0 scale mail
rNeg   . . .     Faith    .     (no shield)
rPois  .         Spirit   .     (no helmet)
rElec  .         Dismiss  .     (no cloak)
rCorr  .         Reflect  .     (no gloves)
SustAt .         Harm     .     (no boots)
MR     .....                    (no amulet)
Stlth  ..........               (no ring)
                                (no ring)

@: not resistant to hostile enchantments, extremely unstealthy
A: claws 1, talons 1
a: Depart the Abyss, Bend Space, Renounce Religion


You were on level 3 of the Dungeon.
You worshipped Lugonu.
Lugonu was pleased with you.
You were not hungry.

You visited 1 branch of the dungeon, and saw 3 of its levels.
You visited the Abyss 1 time.

You collected 186 gold pieces.

Inventory:

Hand Weapons
 a - a +1 hand axe (weapon)
Armour
 f - a +0 scale mail (worn)
Scrolls
 b - 2 scrolls of enchant armour {unknown}
 e - 2 scrolls of noise {unknown}
 g - 3 scrolls of identify {unknown}
 i - a scroll of enchant weapon {unknown}
 n - 2 scrolls of teleportation {unknown}
 o - a scroll of fear {unknown}
 p - 2 scrolls of magic mapping {unknown}
 q - 4 scrolls of immolation {unknown}
 u - a scroll of blinking {unknown}
Potions
 d - 2 potions of brilliance {unknown}
 h - a potion of invisibility {unknown}
 k - 2 potions of flight {unknown}
 m - a potion of cure mutation {unknown}
 r - a potion of ambrosia {unknown}
 t - a potion of beneficial mutation {unknown}
Comestibles
 c - 3 bread rations
 j - 2 meat rations
 l - a beef jerky
 s - 2 fruits


   Skills:
 + Level 4.0 Fighting
 + Level 2.4 Axes
 * Level 3.1 Armour
 + Level 1.7 Dodging
 + Level 2.5 Invocations


You had 3 spell levels left.
You didn't know any spells.

Dungeon Overview and Level Annotations

Branches:
Dungeon (3/15)

Altars:


Innate Abilities, Weirdness & Mutations

You have sharp fingernails.
You have sharp toenails.


Message History

The gnoll hits you but does no damage.
You closely miss the crimson imp.
The crimson imp hits you but does no damage.
The gnoll hits you but does no damage.
The gnoll hits you from afar with a spear. x2
The crimson imp hits you but does no damage.
You hit the crimson imp.
The crimson imp is heavily wounded.
The gnoll hits you from afar with a spear. x2
The crimson imp blinks!
The gnoll hits you with a spear.
The gnoll hits you from afar with a halberd.
The gnoll barely misses you.
Unknown command.
You barely miss the gnoll. You hit the gnoll but do no damage.
The gnoll hits you with a spear.
The gnoll hits you from afar with a halberd!
* * * LOW HITPOINT WARNING * * *
The gnoll barely misses you. The gnoll hits you with a spear.
You die...

.#.##.....##..### #..#
.#.##.###.##..... #..#
.#.##.# #.....### #..#
.#.##.###.##### ....
.#.##.....# #.... ###
.#.####.### ...... #..
.#.##...##########......
#..
.#.##.#.#........g......
#..
.#.##.#.#...5...@gg.....
####
##.##†#.#..##########...
##># #.##.#.#..#####
#8... ##...............
#.... ...........####.#
#8... ####.####.## ##..
#.# #.# # #.# #.# ## #.#
#.#


You could see 3 gnolls and a crimson imp.

Vanquished Creatures
  6 adders
  A shadow imp (D:3)
  An ooze (D:3)
  2 worms (D:3)
  4 dart slugs
  3 giant cockroaches
  8 goblins
  4 hobgoblins
  6 jackals (D:3)
  5 kobolds
  7 bats
  6 giant newts
  6 rats
59 creatures vanquished.

Notes
Turn   | Place    | Note
--------------------------------------------------------------
     0 | Abyss:1  | Gargoyl the Demonspawn Abyssal Knight began the quest for the Orb.
     0 | Abyss:1  | Reached XP level 1. HP: 18/18 MP: 2/2
    34 | Abyss:2  | Noticed a large abomination
    85 | Abyss:2  | Noticed a wretched star
    86 | D:1      | Escaped the Abyss
   115 | D:1      | Reached * piety under Lugonu
   148 | D:1      | Gained mutation: You have sharp fingernails. [demonic ancestry]
   148 | D:1      | Reached XP level 2. HP: 18/24 MP: 3/3
   288 | D:1      | Reached skill level 1 in Dodging
   765 | D:2      | Gained mutation: You have sharp toenails. [demonic ancestry]
   765 | D:2      | Reached XP level 3. HP: 27/30 MP: 4/4
   990 | D:2      | Reached ** piety under Lugonu
  1282 | D:2      | Found a faded altar to an unknown god.
  1665 | D:2      | Reached XP level 4. HP: 29/37 MP: 5/5
  1867 | D:2      | Reached skill level 4 in Fighting
  2709 | D:3      | Slain by a gnoll

Skill      XL: |  1  2  3  4 |
---------------+-------------+-----
Dodging        | 1 |  1.7
Armour         | 2 3 |  3.1
Axes           | 2 |  2.4
Fighting       | 4 |  4.0
Invocations    | |  2.5

Action                   |  1- 3 |  4- 6 || total
-------------------------+-------+-------++-------
Melee: Hand axe          |   115 |   101 ||   216
       Kick              |    10 |    20 ||    30
Invok: Depart the Abyss  |     1 |       ||     1
  Eat: Chunk             |     1 |     5 ||     6
Armor: Scale mail        |    79 |    56 ||   135
Dodge: Dodged            |    82 |    48 ||   130
